 Dungeon Crawl Stone Soup version 0.21.0-24-g2553a33 (webtiles) character file.

38 Gorglomux the Ducker (level 3, 27/29 HPs)
             Began as a Minotaur Air Elementalist on Jan 20, 2018.
             Was a Follower of Nemelex Xobeh.
             Quit the game on level 2 of the Dungeon.
             The game lasted 00:02:01 (1343 turns).

Gorglomux the Ducker (Minotaur Air Elementalist)    Turns: 1343, Time: 00:02:02

Health: 27/29      AC:  5    Str: 12 (13) XL:     3   Next: 25%
Magic:  4/4        EV: 12    Int: 11 (12) God:    Nemelex Xobeh [*.....]
Gold:   61         SH:  0    Dex:  9 (10) Spells: 3/4 levels left

rFire    . . .     SeeInvis .   s - +0 dagger (venom)
rCold    . . .     Gourm    .   (no shield)
rNeg     . . .     Faith    .   a - +0 robe
rPois    .         Spirit   .   (helmet restricted)
rElec    .         Reflect  .   g - +0 cloak
rCorr    .         Harm     .   k - +1 pair of gloves
MR       .....                  (no boots)
Stlth    ++........             (no amulet)
HPRegen  0.09/turn              (no ring)
MPRegen  0.09/turn              (no ring)

@: no status effects
A: retaliatory headbutt, horns 2
a: Renounce Religion


You were on level 2 of the Dungeon.
You worshipped Nemelex Xobeh.
Nemelex Xobeh was aware of your devotion.
You were near starving.

You visited 1 branch of the dungeon, and saw 2 of its levels.

You collected 61 gold pieces.

Inventory:

Hand Weapons
 j - a +0 dagger
 s - a +0 dagger of venom (weapon)
Armour
 a - a +0 robe (worn)
 g - a +0 cloak (worn)
 k - a +1 pair of gloves (worn)
Scrolls
 d - a scroll of magic mapping {unknown}
 l - a scroll of random uselessness {unknown}
 m - 2 scrolls of remove curse {unknown}
 n - a scroll of identify {unknown}
 p - a scroll of amnesia {unknown}
 r - a scroll of enchant weapon {unknown}
Potions
 t - a potion of agility {unknown}
Books
 b - a book of Air

   Spells                             Type                      Level
   a - Shock                          Conjuration/Air              1
   b - Swiftness                      Charms/Air                   2
   c - Static Discharge               Conjuration/Air              3
   d - Airstrike                      Air                          4
   e - Lightning Bolt                 Conjuration/Air              5
Miscellaneous
 u - a plain deck of summoning {god gift}
Comestibles
 c - 3 rations


   Skills:
 + Level 1.8 Fighting
 + Level 1.9 Armour
 + Level 3.0 Dodging
 - Level 1.5 Stealth
 - Level 1.3 Spellcasting
 - Level 0.6 Conjurations
 - Level 2.1 Air Magic


You had 3 spell levels left.
You knew the following spells:

 Your Spells              Type           Power        Failure   Level  Hunger
a - Shock                 Conj/Air       #...         19%         1    ##.....


Dungeon Overview and Level Annotations

Branches:
Dungeon (2/15)

Altars:
Makhleb
Nemelex Xobeh


Innate Abilities, Weirdness & Mutations

You reflexively headbutt those who attack you in melee.
You have a pair of horns on your head.


Message History

The ooze misses you! You furiously retaliate!!!
You headbutt the ooze, but do no damage!
You perforate the ooze like a sieve!
You annihilate the ooze!!!
Your Dodging skill increases to level 3!!!
No target in view!!!
No target in view!!!
Key pressed, stopping explore!
No target in view!!!
No target in view!!!
No target in view!!!
No target in view!!!
No target in butt!!!
No target in view!!!
No target in butt!!!
Butt butt in view!!!
Found a stone staircase leading up!
You can't go up here!!!
Unknown command!
Are you sure you want to abandon this character and quit the game? (Confirm with "yes"!)

...........#.........#
...........#.........#
...###.........._...#
.. .......#........#
.. .##....#.....####
.. #....#.....#### #
.....##.......# #.
..............+ ..
#....%.@......# #
###....###....... #
....... ...###.# #
##....< ..... .# #
......# ...#.# # #
###... ###...# # ####
.###


There were no monsters in sight!

Vanquished Creatures
  An adder (D:2)
  An ooze (D:2)
  A dart slug (D:1)
  A leopard gecko (D:1)
  A giant cockroach (D:1)
  3 goblins
  3 hobgoblins
  4 kobolds
  4 bats (D:1)
  A frilled lizard (D:1)
  2 rats (D:1)
22 creatures vanquished.

Notes
Turn   | Place    | Note
-------+----------+-------------------------------------------
     0 | D:1      | Gorglomux the Minotaur Air Elementalist began the quest for the Orb.
     0 | D:1      | Reached XP level 1. HP: 14/14 MP: 1/1
   247 | D:1      | Reached skill level 1 in Fighting
   247 | D:1      | Reached skill level 1 in Armour
   247 | D:1      | Reached XP level 2. HP: 9/23 MP: 0/3
   948 | D:2      | Found a burning altar of Makhleb.
  1045 | D:2      | Found a faded altar of an unknown god.
  1057 | D:2      | Reached XP level 3. HP: 13/29 MP: 4/4
  1152 | D:2      | Became a worshipper of Nemelex Xobeh the Trickster
  1152 | D:2      | Received a gift from Nemelex Xobeh
  1152 | D:2      | Reached * piety under Nemelex Xobeh
  1314 | D:2      | Reached skill level 3 in Dodging
  1343 | D:2      | Quit the game

Skill      XL: |  1  2  3 |
---------------+----------+-----
Fighting       | 1 |  1.8
Armour         | 1 |  1.9
Dodging        | 3 |  3.0
Stealth        | |  1.5
Spellcasting   | |  1.3
Conjurations   | |  0.6
Air Magic      | |  2.1

Action                   || total
-------------------------++-------
Melee: Unarmed           ||    23
       Headbutt          ||    10
       Dagger            ||    63
 Cast: Shock             ||     9
  Use: Potion            ||     2
 Stab: Sleeping          ||     2
Armor: Robe              ||    30
Dodge: Dodged            ||    60
